AoeStats
← HR Pinkman

Nomad

505379532Analyzed
4v4 RM · 22d ago on Sep 9, 2026· 50m 18s· 8 players
Game mode
Random Map
Map size
231×231
Population
200
Speed
Normal
Resources
Standard
Victory
Conquest
Starting age
Dark Age
Ending age
Imperial Age
RankedLock teamsTeams togetherTeam positionsShared explorationLock speedFull tech treeHidden civsTurbo modeCheats
Victory
Defeat
🇨🇱 Gurjaras · Chile
1809
+9
🇨🇱 Maya · Chile
1800
+9
🇨🇱 Aztecs · Chile
1708
+13
🇨🇱 Bohemians · Chile
1300
+28
1675
-16
🇧🇷 Byzantines · Brazil
1667
-16
🇻🇳 Cumans · Vietnam
1651
-16
🇲🇽 Turks · Mexico
1519
-11
HR Fast_PIG
12:51 Feudal Age
14:05 Loom
16:56 Castle Age
15:43 Double-Bit Axe
16:16 Fletching
21:18 Fervor
21:26 Crossbowman
23:54 Ballistics
25:48 Chemistry
25:39 Bodkin Arrow
32:49 Bow Saw
41:18 Imperial Age
39:47 Horse Collar
41:22 Wheelbarrow
HR itu
4:47 Loom
13:09 Feudal Age
14:59 Double-Bit Axe
18:27 Castle Age
17:13 Fletching
18:01 Horse Collar
19:25 Medium Warships
19:58 Bow Saw
22:03 Bodkin Arrow
26:03 Wheelbarrow
29:35 Husbandry
30:52 Town Watch
31:59 Bloodlines
32:00 Scale Barding Armor
33:57 Forging
37:20 Imperial Age
35:24 Chain Barding Armor
36:09 Kshatriyas
37:35 Iron Casting
37:57 Hand Cart
37:07 Light Cavalry
38:41 Plate Barding Armor
37:54 Heavy Camel Rider
40:14 Elite Shrivamsha Rider
42:07 Frontier Guards
42:40 Gold Mining
44:14 Gold Shaft Mining
43:44 Light Cavalry
46:00 Hussar
49:30 Coinage
49:26 Conscription
HR Pinkman
4:06 Loom
12:35 Feudal Age
13:22 Double-Bit Axe
16:43 Castle Age
16:23 Fletching
17:52 Bodkin Arrow
18:50 Bow Saw
19:48 Padded Archer Armor
23:17 Horse Collar
24:14 Wheelbarrow
31:49 Hand Cart
33:15 Ballistics
38:24 Imperial Age
37:09 Gold Mining
37:20 Heavy Plow
38:02 Leather Archer Armor
38:09 Thumb Ring
39:07 Bracer
40:32 Chemistry
39:34 Elite Plumed Archer
40:57 Masonry
42:16 Crop Rotation
45:35 Ring Archer Armor
neromelnick
12:49 Feudal Age
12:28 Loom
16:21 Castle Age
15:30 Gold Mining
17:55 Sanctity
18:14 Fervor
25:53 Redemption
35:18 Horse Collar
35:28 Double-Bit Axe
39:51 Wheelbarrow
43:45 Scale Mail Armor
44:49 Town Watch
48:32 Imperial Age
46:06 Squires
46:31 Chain Mail Armor
47:37 Bow Saw
46:56 Pikeman
48:11 Forging
48:28 Hand Cart
48:13 Arson
50:03 Plate Mail Armor
50:09 Iron Casting
49:59 Block Printing
50:10 Illumination
50:21 Theocracy
50:48 Garland Wars
51:04 Conscription
3 Times hidden pool survivor
14:19 Feudal Age
15:09 Loom
15:11 Fishing Lines
15:42 Double-Bit Axe
16:44 Gold Mining
17:02 Stone Mining
19:19 Castle Age
19:23 Scale Mail Armor
20:24 Medium Warships
20:27 Bow Saw
20:41 Chain Mail Armor
21:31 Forging
21:59 Squires
22:41 Stone Shaft Mining
22:57 Horse Collar
25:13 Gillnets
26:21 Wheelbarrow
30:38 Iron Casting
31:23 Hand Cart
31:52 Heavy Plow
36:32 Imperial Age
35:14 Scale Barding Armor
35:00 Arson
37:26 Gold Shaft Mining
37:34 Conscription
38:13 Grand Trunk Road
37:33 Elite Ghulam
40:04 Blast Furnace
41:19 Masonry
44:05 Chemistry
44:01 Fletching
46:30 Siege Engineers
46:45 Bodkin Arrow
48:20 Bracer
ChangT
4:33 Loom
12:52 Feudal Age
14:58 Town Watch
17:00 Wheelbarrow
17:37 Double-Bit Axe
20:28 Castle Age
19:13 Bloodlines
19:32 Forging
20:56 Scale Barding Armor
20:36 Light Cavalry
21:59 Bow Saw
22:11 Chain Barding Armor
25:38 Gold Mining
27:39 Horse Collar
30:18 Hand Cart
33:04 Iron Casting
34:42 Squires
34:03 Pikeman
37:57 Imperial Age
37:18 Gold Shaft Mining
36:34 Stone Mining
38:14 Scale Mail Armor
38:09 Cavalier
39:17 Conscription
40:26 Plate Barding Armor
41:44 Halberdier
43:08 Chain Mail Armor
44:30 Blast Furnace
Kekers
3:18 Loom
4:24 Loom
13:11 Feudal Age
18:01 Castle Age
16:56 Double-Bit Axe
17:07 Fletching
36:17 Fishing Lines
37:27 Bow Saw
39:06 Wheelbarrow
39:16 Wheelbarrow
39:42 Gillnets
42:06 Hand Cart
50:17 Imperial Age
48:50 Medium Warships
kazumakine
4:08 Loom
12:20 Feudal Age
14:59 Town Watch
20:36 Castle Age
20:01 Bloodlines
20:04 Forging
20:35 Scale Barding Armor
22:10 Fishing Lines
24:53 Fletching
26:27 Chain Barding Armor
26:59 Iron Casting
33:17 Devotion
34:54 Wheelbarrow
37:17 Imperial Age
35:47 Double-Bit Axe
40:33 Plate Barding Armor
40:23 Medium Warships
42:12 Bodkin Arrow
42:52 Husbandry
45:21 Heavy Camel Rider
48:35 Blast Furnace
Connection lost

Rejoining the realm…

Still unreachable

The connection could not be restored.

Session expired

The server has moved on; the page needs a fresh start.